 Dungeon Crawl Stone Soup version 0.19.5 (webtiles) character file.

133 Reinor the Ducker (level 4, -4/21 HPs)
             Began as a Spriggan Earth Elementalist on May 8, 2017.
             Killed from afar by Blork the orc (10 damage)
             ... with a magic dart
             ... on level 3 of the Dungeon.
             The game lasted 00:09:11 (2286 turns).

Reinor the Ducker (Spriggan Earth Elementalist)     Turns: 2286, Time: 00:09:11

Health: -4/21      AC:  2    Str:  4    XL:     4   Next: 94%
Magic:  20/20      EV: 20    Int: 17    God:
Gold:   80         SH:  0    Dex: 16    Spells: 2 memorised, 8 levels left

rFire  . . .     SeeInvis +     b - 91 stones
rCold  . . .     Gourm    .     c - +0 robe
rNeg   . . .     Faith    .     (shield restricted)
rPois  .         Spirit   .     (helmet restricted)
rElec  .         Reflect  .     (no cloak)
rCorr  .         Harm     .     (gloves unavailable)
MR     .....                    (boots unavailable)
Stlth  ++........               (no amulet)
                                (no ring)
                                f - ring of magical power

@: very quick
A: unfitting armour, see invisible, herbivore 3, speed 3, slow metabolism 2
a: no special abilities


You were on level 3 of the Dungeon.
You were not hungry.

You visited 1 branch of the dungeon, and saw 3 of its levels.

You collected 80 gold pieces.

Inventory:

Hand Weapons
 h - a +3 dagger of speed
Missiles
 b - 91 stones (in hand)
Armour
 c - a +0 robe (worn)
Jewellery
 f - a ring of magical power (left hand)
 q - an uncursed amulet of magic regeneration {unknown}
Scrolls
 g - a scroll of recharging
 p - a scroll of amnesia {unknown}
Potions
 a - a potion of flight
 i - a potion of mutation
 j - 2 potions of curing
 l - a potion of heal wounds {unknown}
 m - a potion of invisibility
 n - a potion of cancellation {unknown}
 o - a potion of brilliance {unknown}
Books
 e - a book of Geomancy

   Spells                             Type                      Level
   a - Sandblast                      Earth                        1
   b - Passwall                       Transmutation/Earth          2
   c - Stone Arrow                    Conjuration/Earth            3
   d - Petrify                        Transmutation/Earth          4
   e - Lee's Rapid Deconstruction     Earth                        5
Comestibles
 d - a bread ration
 k - a slice of pizza


   Skills:
 + Level 4.8 Dodging
 - Level 3.1 Stealth
 + Level 4.2 Spellcasting
 - Level 1.3 Transmutations
 + Level 3.7 Earth Magic


You had 8 spell levels left.
You knew the following spells:

 Your Spells              Type           Power        Failure   Level  Hunger
a - Sandblast             Erth           ###...       3%          1    None
b - Passwall              Tmut/Erth      ##........   10%         2    ##.....


Dungeon Overview and Level Annotations

Branches:
Dungeon (3/15)

Altars:

Annotations:
D:3 Blork the orc, Natasha


Innate Abilities, Weirdness & Mutations

You are very small and have problems with some larger weapons.
You are too small for most types of armour.
You have supernaturally acute eyesight. (SInv)
You are a herbivore.
You cover ground extremely quickly.
You need consume almost no food.


Message History

Blork the orc shouts!
Natasha stares at you and mumbles some strange words.
You easily resist.
Wield which item (- for none, * to show all)? (? for menu, Esc to quit)
You are already wielding that!
Natasha casts a spell at you. The magic dart hits you!
* * * LOW HITPOINT WARNING * * *
Blork the orc points at you and mumbles some strange words.
The puff of flame misses you.
Casting: Sandblast
Confirm with . or Enter, or press ? or * to list all spells.
You don't know that spell.
Natasha wildly gestures.
Natasha shimmers violently.
Blork the orc gestures at you while chanting.
The puff of frost misses you.
Blork the orc gestures at you while chanting.
The magic dart hits you!
You die...

#### #...## ......#
........##
...≈≈≈....#
..≈≈≈≈≈...####
.≈≈...≈≈.....###
.≈≈.>.≈≈.......#
.≈≈..o≈≈....@#.# ###
..≈≈≈≈≈...####.# ..#
...≈≈≈h...###..#
..##.........##...##
...##.......###.###
#+#####...#####.#
#.# #####..##.#
#.######..##.##.#
#.#.....>###.##.#


You could see Blork the orc and Natasha.

Vanquished Creatures
  A gnoll shaman (D:3)
  4 gnolls (D:3)
  2 adders (D:2)
  2 oozes
  2 giant cockroaches
  10 goblins
  2 hobgoblins (D:1)
  6 jackals
  4 kobolds
  2 bats
  3 frilled lizards (D:1)
  3 rats
41 creatures vanquished.

Notes
Turn   | Place    | Note
-------+----------+-------------------------------------------
     0 | D:1      | Reinor the Spriggan Earth Elementalist began the quest for the Orb.
     0 | D:1      | Reached XP level 1. HP: 9/9 MP: 5/5
   456 | D:1      | Reached XP level 2. HP: 13/13 MP: 6/6
   460 | D:1      | Learned a level 2 spell: Passwall
  1084 | D:2      | Reached XP level 3. HP: 10/16 MP: 8/8
  1852 | D:3      | Reached XP level 4. HP: 21/21 MP: 10/10
  2275 | D:3      | Noticed Blork the orc
  2276 | D:3      | Noticed Natasha
  2286 | D:3      | Killed from afar by Blork the orc

Skill      XL: |  1  2  3  4 |
---------------+-------------+-----
Spellcasting   | 3 4 |  4.2
Earth Magic    | 3 |  3.7
Dodging        | 4 |  4.8
Stealth        | |  3.1
Transmutations | |  1.3

Action                   |  1- 3 |  4- 6 || total
-------------------------+-------+-------++-------
Melee: Whip              |    11 |       ||    11
       Unarmed           |     1 |       ||     1
       Dagger            |    61 |       ||    61
 Cast: Sandblast         |    58 |    18 ||    76
  Use: Scroll            |     7 |     1 ||     8
 Stab: Sleeping          |     5 |       ||     5
Armor: Robe              |    13 |       ||    13
Dodge: Dodged            |    84 |     6 ||    90
